 Dungeon Crawl Stone Soup version 0.18-a0-1718-g40ea4b6 (webtiles) character file.

54 M4edhros the Sneak (level 3, -1/14 HPs)
             Began as a Felid Venom Mage on Apr 8, 2016.
             Slain by an orc
             ... wielding a +0 dagger
              (6 damage)
             ... on level 3 of the Dungeon.
             The game lasted 00:03:09 (1115 turns).

M4edhros the Sneak (Felid Venom Mage)               Turns: 1115, Time: 00:03:11

Health: -1/14      AC:  1    Str:  6    XL:     3   Next: 66%
Magic:  0/7        EV: 18    Int: 16    God:
Gold:   76         SH:  0    Dex: 17    Spells: 1 memorised, 5 levels left
                                        Lives:  0   Deaths: 0

rFire  . . .     SeeInvis +     (weapon unavailable)
rCold  . . .     Gourm    .     (armour unavailable)
rNeg   . . .     Faith    .     (shield unavailable)
rPois  .         Spirit   .     (helmet unavailable)
rElec  .         Dismiss  .     (cloak unavailable)
rCorr  .         Reflect  .     (gloves unavailable)
SustAt .         Harm     .     (boots unavailable)
MR     .....     Rnd*Tele +     (no amulet)
Stlth  +++.......               d - +2 ring of strength
                                c - ring of teleportation (curse)

@: quick, not resistant to hostile enchantments, fairly stealthy
A: no armour, no weapons or thrown items, claws 1, fangs 3, see invisible,
carnivore 3, speed 1, shaggy fur 1, slow metabolism 1, sharp paws
a: no special abilities


You were on level 3 of the Dungeon.
You were very full.

You visited 1 branch of the dungeon, and saw 3 of its levels.

You collected 76 gold pieces.

Inventory:

Jewellery
 c - a cursed ring of teleportation (left paw)
 d - a +2 ring of strength (right paw)
Scrolls
 e - 3 scrolls of enchant armour {unknown}
 h - a scroll of enchant weapon {unknown}
 i - 3 scrolls of remove curse {unknown}
 j - a scroll of identify {unknown}
Potions
 f - a potion of ambrosia {unknown}
 g - 2 potions of curing {unknown}
 k - a potion of haste {unknown}
 m - a potion of heal wounds {unknown}
Books
 a - a Young Poisoner's Handbook

   Spells                             Type                      Level
   a - Sting                          Conjuration/Poison           1
   b - Cure Poison                    Poison                       2
   c - Mephitic Cloud                 Conjuration/Poison/Air       3
   d - Olgreb's Toxic Radiance        Poison                       4
   e - Venom Bolt                     Conjuration/Poison           5
Comestibles
 b - 2 meat rations
 l - 9 chunks of flesh


   Skills:
 - Level 2.6 Dodging
 + Level 4.3 Stealth
 - Level 2.0 Spellcasting
 + Level 4.3 Poison Magic


You had 5 spell levels left.
You knew the following spells:

 Your Spells              Type           Power        Failure   Level  Hunger
a - Sting                 Conj/Pois      #...         10%         1    #......


Dungeon Overview and Level Annotations

Branches:
Dungeon (3/15)

Altars:


Innate Abilities, Weirdness & Mutations

You cannot wear armour.
You are incapable of wielding weapons or throwing items.
You have sharp claws.
You have razor-sharp teeth.
You have supernaturally acute eyesight.
You are carnivorous and can eat meat at any time.
You cover ground quickly.
You are covered in fur (AC +1).
You have a slow metabolism.
Your sharp claws are effective at attacking unaware monsters.


Message History

You closely miss the orc. You scratch the orc but do no damage.
You scratch the orc. You bite the orc, but do no damage.
The orc is moderately wounded.
The orc completely misses you.
Casting: Sting
Confirm with . or Enter, or press ? or * to list all spells.
Aiming: Sting
Press: ? - help, Shift-Dir - straight line, f/p - orc
Aim: an orc, wielding a short sword and wearing a chain mail The sting hits the orc.
The orc appears unharmed.
The orc is moderately wounded.
The orc closely misses you.
You scratch the orc.
The orc is moderately wounded.
The orc hits you with a dagger.
You scratch the orc but do no damage. Your bite misses the orc.
The orc is moderately wounded.
The orc hits you with a dagger.
You die...

#### ##### ######..#
########...# #....#.##
#.....##...###(##...#
#.....''....o#.#..#.#
#.....##...#o#......##
#....o##...#@####....#
#.?...##...#..<...)..# #
#.......##...#####.....# #
#.#...o.##...# #.....#### #
...#.....##...# #.#.#..... #
### ......##...# #.#.#..#####
#
#......##...###.#.#......#.###
#K###### #.#.#.#.#.#.#.#[#
#.#.#.#.#.#.#.#.#.


You could see 2 orcs.

Vanquished Creatures
  2 adders (D:2)
  An ooze (D:1)
  A dart slug (D:3)
  6 orcs (D:3)
  5 bats
  A hobgoblin (D:3)
  2 kobolds
  A quokka (D:2)
  3 giant newts
  A goblin (D:3)
  A rat (D:3)
24 creatures vanquished.

Notes
Turn   | Place    | Note
--------------------------------------------------------------
     0 | D:1      | M4edhros the Felid Venom Mage began the quest for the Orb.
     0 | D:1      | Reached XP level 1. HP: 7/7 MP: 4/4
   244 | D:1      | Reached XP level 2. HP: 8/11 MP: 6/6
   654 | D:2      | Reached XP level 3. HP: 7/14 MP: 1/7
  1115 | D:3      | Slain by an orc

Vault maps used:
D:1:      evilmike_arrival_crescent
D:3:      gammafunk_temple_overflow_pools, gup_sewer_entry_bowl, first_bread

Skill      XL: |  1  2 |
---------------+-------+-----
Stealth        | 3 4 |  4.3
Poison Magic   | 4 |  4.3
Dodging        | |  2.6
Spellcasting   | |  2.0

Action                   || total
-------------------------++-------
Melee: Unarmed           ||    47
 Cast: Sting             ||    51
 Stab: Sleeping          ||     3
       Distracted        ||     1
  Eat: Chunk             ||     7
